 Dungeon Crawl Stone Soup version 0.31-a0-344-gd109795599 (webtiles) character file.

Game seed: 18158133803147052877

478 Newt the Skirmisher (level 7, -4/44 HPs)
             Began as a Kobold Hunter on July 21, 2023.
             Was an Initiate of Hepliaklqana.
             Slain by an iguana (13 damage)
             ... on level 5 of the Dungeon.
             The game lasted 00:04:20 (3841 turns).

Newt the Skirmisher (Kobold Hunter)                 Turns: 3841, Time: 00:04:20

Health: -4/44      AC:  3    Str: 13    XL:     7   Next: 33%
Magic:  16/16      EV: 15    Int: 11    God:    Hepliaklqana [......]
Gold:   106        SH:  0    Dex: 20    Spells: 6/6 levels left

rFire   + . .        a - +0 shortbow
rCold   . . .        (shield currently unavailable)
rNeg    . . .        c - +0 leather armour
rPois   .            (no helmet)
rElec   .            (no cloak)
rCorr   .            (no gloves)
SInv    .            (no boots)
Will    .....        (no amulet)
Stlth   +++          f - ring of magical power
HPRegen 0.27/turn    i - ring of Exacev Gyxzu {Fly rF+ Str+5}
MPRegen 0.15/turn

%: no passive effects
@: lethally poisoned (-4 -> -9), flying
A: small, no large weapons, nightstalker 3
a: Renounce Religion


You were on level 5 of the Dungeon.
You worshipped Hepliaklqana.
Hepliaklqana was noncommittal.
You visited 2 branches of the dungeon, and saw 6 of its levels.

You collected 260 gold pieces.
You spent 154 gold pieces at shops.

Inventory:

Hand Weapons
 a - a +0 shortbow (weapon)
 s - the +7 short sword "Anos" {venom, Dex+2}
   (You found it on level 4 of the Dungeon)

   Dex:       It affects your dexterity (+2).
Armour
 c - a +0 leather armour (worn)
Jewellery
 f - a ring of magical power (left hand)
 i - the ring of Exacev Gyxzu (right hand) {Fly rF+ Str+5}
   (You found it on level 2 of the Dungeon)

   [ring of flight]

   Str:       It affects your strength (+5).
   rF:        It protects you from fire.
   Fly:       It grants you flight.
Wands
 p - a wand of roots (7)
Scrolls
 b - a scroll of butterflies
 j - a scroll of fog
 k - a scroll of amnesia
 m - a scroll of enchant weapon {unknown}
 o - 2 scrolls of teleportation
 q - a scroll of silence {unknown}
 r - a scroll of fear
Potions
 d - 3 potions of degeneration
 e - 2 potions of curing
 g - a potion of might
 h - a potion of mutation
 l - 2 potions of attraction {unknown}
 n - a potion of enlightenment {unknown}


   Skills:
 - Level 5.0 Fighting
 * Level 3.2 Short Blades
 - Level 8.7 Ranged Weapons
 - Level 2.4 Dodging
 - Level 1.3 Stealth


You had 6 spell levels left.
You didn't know any spells.
Your spell library was empty.

Dungeon Overview and Level Annotations

Branches:
Dungeon (5/15)             Temple (1/1) D:4

Altars:
Ashenzari
Cheibriados
Fedhas
Gozag
Hepliaklqana
Kikubaaqudgha
Nemelex Xobeh
Okawaru
Qazlal
Sif Muna
Uskayaw
Vehumet
Xom
Zin
The Shining One

Shops:
D:3 (**:(

Portals:
Abyss: D:3

Annotations:
D:3 2 transporters, RepHenryClay's ghost, amateur TeMo


Innate Abilities, Weirdness & Mutations

You are small and have problems with some larger weapons.
You are completely attuned to the shadows.


Message History

You shoot an arrow. The arrow closely misses the scorpion.
The arrow hits the iguana.
The iguana is heavily wounded.
You feel very sick. The scorpion closely misses you.
Unknown command.
Fire: a) +0 shortbow
Press: ? - help, Shift-Dir - straight line, f/p - gnoll
Aim: a gnoll, wielding a +2 spear of venom (71% to hit)
You shoot an arrow. The arrow hits the scorpion.
The scorpion is severely wounded.
You feel very sick. The scorpion stings you.
* * * LOW HITPOINT WARNING * * *
The scorpion barely misses you.
Unknown command.
Fire: a) +0 shortbow
Press: ? - help, Shift-Dir - straight line, f/p - gnoll
Aim: a gnoll, wielding a +2 spear of venom (71% to hit)
You shoot an arrow.
The arrow hits the scorpion but does no damage.
The scorpion is severely wounded.
You feel sick. The scorpion closely misses you.
Unknown command.
Fire: a) +0 shortbow
Press: ? - help, Shift-Dir - straight line, f/p - gnoll
Aim: a gnoll, wielding a +2 spear of venom (71% to hit)
You shoot an arrow. The arrow hits the scorpion!
You kill the scorpion!
You feel sick.
Your Short Blades skill gained 2 levels and is now at level 3!
Unknown command.
Fire: a) +0 shortbow
Press: ? - help, Shift-Dir - straight line, f/p - gnoll
Aim: a gnoll, wielding a +2 spear of venom (71% to hit)
You shoot an arrow. The arrow barely misses the iguana.
The arrow hits the ogre.
The ogre is lightly wounded.
You feel sick. The iguana bites you!
You die...

#.# .. #<#
..### #.#
.g.# #.#
#†#####.####
#gg.........
#O#####.####
#l# #.# #@#
#.#
...........#
..>..####
.###.# #.#


You could see an ogre, an iguana and 2 gnolls.

Vanquished Creatures
  Duvessa (D:4)
  2 scorpions
  Dowan (D:4)
  2 hounds
  An iguana (D:4)
  A gnoll (D:3)
  4 adders
  4 worms
  5 dart slugs
  6 orcs (D:4)
  10 ball pythons
  7 endoplasms
  2 giant cockroaches
  2 goblins
  5 hobgoblins
  4 jackals
  7 kobolds
  3 quokkas
  4 bats
  3 rats
74 creatures vanquished.

Notes
Turn   | Place    | Note
-------+----------+-------------------------------------------
     0 | D:1      | Newt the Kobold Hunter began the quest for the Orb.
     0 | D:1      | Reached XP level 1. HP: 12/12 MP: 1/1
   106 | D:1      | Found a faded altar of an unknown god.
   172 | D:1      | Reached XP level 2. HP: 2/18 MP: 2/2
   728 | D:2      | Reached XP level 3. HP: 24/24 MP: 3/3
   972 | D:2      | Identified the +5 hand axe of Cudaryphe {venom, Drain Fly
                  | rF++ rCorr}
  1189 | D:2      | Reached XP level 4. HP: 30/30 MP: 4/4
  1312 | D:2      | Identified the ring of Exacev Gyxzu {Fly rF+ Str+5}
  1788 | D:3      | Found a transporter.
  1791 | D:3      | Found a one-way gate to the infinite horrors of the Abyss.
  1791 | D:3      | Noticed RepHenryClay's ghost (amateur TeMo)
  1792 | D:3      | Noticed a small abomination
  1809 | D:3      | Found Xoduqaeq's Assorted Antiques.
  1815 | D:3      | Bought a scroll labelled DEIK DYVEI for 26 gold pieces
  1815 | D:3      | Bought a scroll labelled YNOLISTR YSHRAQ for 26 gold pieces
  1815 | D:3      | Bought a scroll labelled DEIK DYVEI for 26 gold pieces
  1821 | D:3      | Found Waroweda's Book Shop.
  1824 | D:3      | Reached skill level 5 in Fighting
  1828 | D:3      | Found Vucootog's Weapon Boutique.
  2009 | D:3      | Found Xieseil's Antique Weapon Boutique.
  2067 | D:3      | Reached XP level 5. HP: 26/35 MP: 5/5
  2272 | D:3      | Noticed a small abomination
  2285 | D:3      | Found a transporter.
  2387 | D:3      | Found Fyagh's Assorted Antiques.
  2391 | D:3      | Bought a scroll of identify for 38 gold pieces
  2391 | D:3      | Bought a scroll labelled YSTROMUKIT for 19 gold pieces
  2391 | D:3      | Bought a scroll labelled ISILOI ASMAMI for 19 gold pieces
  2696 | D:4      | Reached skill level 6 in Ranged Weapons
  2699 | D:4      | Found a staircase to the Ecumenical Temple.
  2724 | Temple   | Entered the Ecumenical Temple
  2740 | Temple   | Became a worshipper of Hepliaklqana the Forgotten
  2796 | D:4      | Reached skill level 7 in Ranged Weapons
  2796 | D:4      | Reached XP level 6. HP: 16/40 MP: 6/6
  2924 | D:4      | Identified the +0 hand axe of Gozag, Grinning {flame, rF+}
  3141 | D:4      | Noticed Duvessa
  3143 | D:4      | Noticed Dowan
  3162 | D:4      | Killed Dowan
  3163 | D:4      | Reached skill level 8 in Ranged Weapons
  3163 | D:4      | Killed Duvessa
  3164 | D:4      | Reached XP level 7. HP: 18/44 MP: 7/7
  3658 | D:4      | Identified the +7 short sword "Anos" {venom, Dex+2}
  3706 | D:4      | Found a snail-covered altar of Cheibriados.
  3805 | D:5      | Entered Level 5 of the Dungeon
  3822 | D:5      | Reached skill level 1 in Short Blades
  3841 | D:5      | Slain by an iguana

Illustrated notes

Levels and vault maps discovered:
D:1:      minmay_arrival_plants_in_alcoves, layout_rooms,
          ebering_ecumenical_altar_petrified
D:2:      minmay_chambers_of_ones, layout_loops_corners
D:3:      layout_basic, gammafunk_ghost_abyssal_escape, serial_shops,
          nicolae_shop_crystal, nicolae_shop_back_alley_shop,
          nicolae_shop_overgrown_old_shop, shop, shop_fountains
D:4:      layout_loops_ring, general_overflow_altar, minmay_temple_entry_trees,
          uniq_duvessa
D:5:      layout_loops_ring, chequers_temple_overflow_minitemple, serial_shops,
          nicolae_shop_just_a_little_nook
Temple:   jpeg_temple_clearing

Skill      XL: |  1  2  3  4  5  6  7 |
---------------+----------------------+-----
Fighting       | 3 4 5 |  5.0
Ranged Weapons | 7 8 |  8.7
Short Blades   | 3 |  3.2
Dodging        | |  2.4
Stealth        | |  1.3

Action                     |  1- 3 |  4- 6 |  7- 9 || total
---------------------------+-------+-------+-------++-------
   Fire: Shortbow          |   104 |   140 |    28 ||   272
  Evoke: Wand              |       |     2 |       ||     2
    Use: Scroll            |     2 |     7 |       ||     9
         Potion            |     1 |     2 |       ||     3
 Armour: Leather armour    |    10 |    13 |     5 ||    28
  Dodge: Dodged            |    55 |    61 |    16 ||   132

Table legend: (Time is in decaauts)
 A = Elapsed time spent in this place.
 B = Non-inter-level travel time spent in this place.
 C = Inter-level travel time spent in this place.
 D = Time resting spent in this place.
 E = Time spent auto-exploring this place.
 F = Levels seen in this place.
 G = Mean time per level.
                   A        B        C        D        E       F      G
               +--------+--------+--------+--------+--------+-----+--------+
         Total |   3879 |   3697 |    182 |    249 |   2965 |   6 |  646.5 |
       Dungeon |   3846 |   3696 |    150 |    249 |   2965 |   5 |  769.2 |
        Temple |     32 |      1 |     31 |      0 |      0 |   1 |   32.0 |
               +--------+--------+--------+--------+--------+-----+--------+

Top non-repeatable levels by time:
     D:2: 1169 daAuts
     D:4: 1146 daAuts
     D:3: 862 daAuts
     D:1: 632 daAuts
     D:5: 36 daAuts
  Temple: 32 daAuts
